 Dungeon Crawl Stone Soup version 0.26.1-11-gd32895ea62 (webtiles) character file.

Game seed: 5100354123960761414

144 Almogavar the Ducker (level 5, -5/40 HPs)
             Began as a Gnoll Wanderer on May 21, 2021.
             Slain by an orc
             ... wielding a +0 hand axe
              (6 damage)
             ... on level 3 of the Dungeon.
             The game lasted 00:09:03 (3015 turns).

Almogavar the Ducker (Gnoll Wanderer)               Turns: 3015, Time: 00:09:04

Health: -5/40      AC:  4    Str: 14 (17) XL:     5   Next: 27%
Magic:  7/7        EV: 13    Int: 11 (13) God:
Gold:   49         SH:  0    Dex: 12 (14) Spells: 5/6 levels left

rFire    . . .     SeeInvis .   v - +3 mace
rCold    . . .     Faith    .   (no shield)
rNeg     . . .     Spirit   .   c - +0 leather armour
rPois    .         Reflect  .   e - +1 hat
rElec    .         Harm     .   (no cloak)
rCorr    .         Rampage  .   (no gloves)
Will     +....                  (no boots)
Stlth    ++........             (no amulet)
HPRegen  0.13/turn              m - ring of willpower
MPRegen  0.10/turn              (no ring)

@: no status effects
A: distributed training, fangs 1, strong nose
a: no special abilities


You were on level 3 of the Dungeon.
You visited 1 branch of the dungeon, and saw 3 of its levels.

You collected 49 gold pieces.

Inventory:

Hand Weapons
 v - a +3 mace (weapon)
 B - a +1 falchion of holy wrath
Missiles
 a - 53 sling bullets
 b - a throwing net
 d - 9 poisoned darts (quivered)
 u - 62 stones
 y - 2 boomerangs
Armour
 c - a +0 leather armour (worn)
 e - a +1 hat (worn)
 i - a +0 ring mail
 s - a +0 chain mail
Jewellery
 m - a ring of willpower (left hand)
Wands
 A - a wand of enslavement (6)
 D - a wand of digging (2)
Scrolls
 f - a scroll of teleportation
 h - 2 scrolls of remove curse
 l - a scroll of fog
 p - a scroll of enchant armour {unknown}
 t - a scroll of enchant weapon {unknown}
 x - a scroll of blinking {unknown}
 z - a scroll of magic mapping {unknown}
 C - a scroll of fear {unknown}
Potions
 j - a potion of magic
 k - a potion of brilliance
 n - a potion of degeneration
 o - a potion of haste {unknown}
 q - a potion of mutation {unknown}
 r - a potion of might {unknown}
 w - 2 potions of resistance {unknown}


   Skills:
 + Level 2.9 Fighting
 + Level 1.4 Short Blades
 + Level 4.7 Long Blades
 + Level 1.4 Axes
 + Level 2.9 Maces & Flails
 + Level 1.4 Polearms
 + Level 1.4 Staves
 + Level 1.4 Slings
 + Level 1.4 Bows
 + Level 1.4 Crossbows
 + Level 2.9 Throwing
 + Level 4.7 Armour
 + Level 4.7 Dodging
 + Level 2.7 Stealth
 + Level 1.4 Shields
 + Level 1.4 Unarmed Combat
 + Level 1.4 Spellcasting
 + Level 1.1 Conjurations
 + Level 1.1 Hexes
 + Level 1.1 Summonings
 + Level 1.1 Necromancy
 + Level 1.1 Translocations
 + Level 1.1 Transmutations
 + Level 1.1 Fire Magic
 + Level 1.1 Ice Magic
 + Level 1.1 Air Magic
 + Level 1.1 Earth Magic
 + Level 1.1 Poison Magic
 + Level 1.6 Invocations
 + Level 1.4 Evocations


You had 5 spell levels left.
You knew the following spells:

 Your Spells              Type           Power        Failure   Level
a - Sting                 Tmut/Pois      12%          24%         1

Your spell library contained the following spells:

 Spells                   Type           Power        Failure   Level


Dungeon Overview and Level Annotations

Branches:
Dungeon (3/15)

Altars:
Sif Muna
Trog


Innate Abilities, Weirdness & Mutations

Your experience applies equally to all skills.
You have very sharp teeth.
Your uncanny sense of smell can sniff out nearby items.


Message History

The puff of frost hits you! The orc misses you.
Your magical contamination has completely faded away.
You closely miss the white imp.
The white imp is almost dead.
The white imp closely misses you. The orc closely misses you.
An orc comes into view.
You closely miss the white imp.
The white imp is almost dead.
The white imp picks up a beetle and eats it.
The white imp gestures at you. The puff of frost hits you.
The orc hits you with a +0 hand axe.
* * * LOW HITPOINT WARNING * * *
The white imp gestures at you. The puff of frost hits you!
* * * LOW HITPOINT WARNING * * *
It was a potion of degeneration.
There was something very wrong with that liquid.
You feel weakened.
You feel dopey.
You feel clumsy. The orc hits you with a +0 hand axe.
You die...

.[........#
###########
#######.#
#5....o.#∆ ##o##
#####
#####@..#####
....#
#..............
###.#
#.#.#......>...
#.#
#.#.##.#######.
#<# #.#.##.#
#.#### #.#.##.#
#....#####†#.##...
####.#...........#
##.#.#####..##.#


You could see a white imp and an orc.

Vanquished Creatures
  An orc priest (D:3)
  2 adders (D:2)
  A gnoll (D:2)
  A white imp (D:2)
  A worm (D:3)
  2 dart slugs
  6 orcs (D:3)
  2 ball pythons
  6 bats
  A giant cockroach (D:1)
  10 hobgoblins
  2 quokkas
  11 frilled lizards
  9 goblins
  4 kobolds
  9 rats
68 creatures vanquished.

Notes
Turn   | Place    | Note
-------+----------+-------------------------------------------
     0 | D:1      | Almogavar the Gnoll Wanderer began the quest for the Orb.
     0 | D:1      | Almogavar set off with the following items: a +0 spear, 2
                  | throwing nets, a +0 leather armour, 9 poisoned darts, a +0
                  | dagger
     0 | D:1      | Reached XP level 1. HP: 17/17 MP: 1/1
   156 | D:1      | Reached XP level 2. HP: 22/23 MP: 2/2
   506 | D:1      | Reached XP level 3. HP: 23/28 MP: 3/3
  1100 | D:2      | Reached skill level 1 in Invocations
  1559 | D:2      | Reached skill level 1 in Short Blades
  1559 | D:2      | Reached skill level 1 in Axes
  1559 | D:2      | Reached skill level 1 in Polearms
  1559 | D:2      | Reached skill level 1 in Staves
  1559 | D:2      | Reached skill level 1 in Slings
  1559 | D:2      | Reached skill level 1 in Bows
  1559 | D:2      | Reached skill level 1 in Crossbows
  1559 | D:2      | Reached skill level 1 in Shields
  1559 | D:2      | Reached skill level 1 in Unarmed Combat
  1559 | D:2      | Reached skill level 1 in Spellcasting
  1559 | D:2      | Reached skill level 1 in Evocations
  1562 | D:2      | Found a bloodstained altar of Trog.
  1772 | D:2      | Reached XP level 4. HP: 34/34 MP: 5/5
  2106 | D:2      | Found a shimmering blue altar of Sif Muna.
  2113 | D:2      | Identified Sif Muna's Incunabulum of Toxins
  2223 | D:2      | Learned a level 1 spell: Sting
  2402 | D:3      | Reached skill level 1 in Conjurations
  2402 | D:3      | Reached skill level 1 in Hexes
  2402 | D:3      | Reached skill level 1 in Summonings
  2402 | D:3      | Reached skill level 1 in Necromancy
  2402 | D:3      | Reached skill level 1 in Translocations
  2402 | D:3      | Reached skill level 1 in Transmutations
  2402 | D:3      | Reached skill level 1 in Fire Magic
  2402 | D:3      | Reached skill level 1 in Ice Magic
  2402 | D:3      | Reached skill level 1 in Air Magic
  2402 | D:3      | Reached skill level 1 in Earth Magic
  2402 | D:3      | Reached skill level 1 in Poison Magic
  2524 | D:3      | Reached XP level 5. HP: 40/40 MP: 4/7
  3014 | D:3      | HP: 1/40 [white imp/puff of frost (10)]
  3015 | D:3      | Slain by an orc

Illustrated notes

Levels and vault maps discovered:
D:1:      minmay_arrival_checkered_box, layout_loops_ring, minmay_statues_item,
          fountainhead, minmay_lizard_pond
D:2:      layout_loops_ring, nzn_overflow_gifts_of_might_and_magic
D:3:      layout_loops_ring

Skill      XL: |  1  2  3  4 |
---------------+-------------+-----
Invocations    | 1 |  1.6
Short Blades   | 1 |  1.4
Axes           | 1 |  1.4
Polearms       | 1 |  1.4
Staves         | 1 |  1.4
Slings         | 1 |  1.4
Bows           | 1 |  1.4
Crossbows      | 1 |  1.4
Shields        | 1 |  1.4
Unarmed Combat | 1 |  1.4
Spellcasting   | 1 |  1.4
Evocations     | 1 |  1.4
Conjurations   | 1 |  1.1
Hexes          | 1 |  1.1
Summonings     | 1 |  1.1
Necromancy     | 1 |  1.1
Translocations | 1 |  1.1
Transmutations | 1 |  1.1
Fire Magic     | 1 |  1.1
Ice Magic      | 1 |  1.1
Air Magic      | 1 |  1.1
Earth Magic    | 1 |  1.1
Poison Magic   | 1 |  1.1
Fighting       | |  2.9
Long Blades    | |  4.7
Maces & Flails | |  2.9
Throwing       | |  2.9
Armour         | |  4.7
Dodging        | |  4.7
Stealth        | |  2.7

Action                   |  1- 3 |  4- 6 || total
-------------------------+-------+-------++-------
Melee: Spear             |   140 |       ||   140
       Bite              |    12 |     7 ||    19
       Mace              |     1 |    59 ||    60
Throw: Throwing net      |     2 |       ||     2
       Dart              |       |    12 ||    12
 Cast: Sting             |       |    10 ||    10
  Use: Scroll            |     2 |     4 ||     6
       Potion            |     2 |     1 ||     3
 Stab: Sleeping          |     5 |     4 ||     9
Armor: Leather armour    |    15 |    10 ||    25
Dodge: Dodged            |    83 |    42 ||   125
